 Dungeon Crawl Stone Soup version 0.22-a0-618-gd6a3efe (webtiles) character file.

2 Amnesiac the Magician (level 1, 0/13 HPs)
             Began as a Mummy Earth Elementalist on July 14, 2018.
             Slain by a worm (8 damage)
             ... on level 4 of the Dungeon.
             The game lasted 00:00:37 (94 turns).

Amnesiac the Magician (Mummy Earth Elementalist)      Turns: 94, Time: 00:00:38

Health: 0/13       AC:  2    Str: 11    XL:     1   Next: 33%
Magic:  2/4        EV: 12    Int: 14    God:
Gold:   12         SH:  0    Dex: 12    Spells: 4/5 levels left

rFire    x . .     SeeInvis .   a - +0 dagger
rCold    + . .     Gourm    .   (no shield)
rNeg     + + +     Faith    .   c - +0 robe
rPois    ∞         Spirit   .   (no helmet)
rElec    .         Reflect  .   (no cloak)
rCorr    .         Harm     .   (no gloves)
MR       .....                  (no boots)
Stlth    ++........             (no amulet)
HPRegen  0.04/turn              (no ring)
MPRegen  0.09/turn              (no ring)

@: no status effects
A: no food or potions, fire vulnerability, cold resistance 1, negative energy
resistance 3, torment resistance, unbreathing
a: no special abilities


You were on level 4 of the Dungeon.
You were not hungry.

You visited 1 branch of the dungeon, and saw 4 of its levels.

You collected 12 gold pieces.

Inventory:

Hand Weapons
 a - a +0 dagger (weapon)
Missiles
 b - 28 stones (quivered)
Armour
 c - a +0 robe (worn)
Scrolls
 d - a scroll of teleportation {!r, unknown}
 e - a scroll of identify {!r, unknown}


   Skills:
 - Level 1.5 Dodging
 - Level 1.5 Stealth
 + Level 2.6 Spellcasting
   Level 0.7 Transmutations
 * Level 2.6 Earth Magic


You had 4 spell levels left.
You knew the following spells:

 Your Spells              Type           Power        Failure   Level  Hunger
a - Sandblast             Erth           #.....       8%          1    N/A

Your spell library contained the following spells:

 Spells                   Type           Power        Failure   Level  Hunger
 Stone Arrow              Conj/Erth      #.....       36%         3    N/A
 Passwall                 Tmut/Erth      #.......     17%         2    N/A
 Lee's Rapid Deconstruct  Erth           #.........   91%         5    N/A
 Petrify                  Tmut/Erth      #.......     73%         4    N/A

Dungeon Overview and Level Annotations

Branches:
Dungeon (4/15)
 Temple: D:4-7

Altars:


Innate Abilities, Weirdness & Mutations

You do not eat or drink.
Your flesh is vulnerable to fire.
You are immune to poison.
Your flesh is cold resistant. (rC+)
You are immune to negative energy. (rN+++)
You are immune to unholy pain and torment.
You can survive without breathing.


Message History

A bat comes into view.
Found a stone staircase leading up.
The bat hits you but does no damage.
There is a stone staircase leading down here.
The bat hits you but does no damage. The bat misses you. The rat bites you.
You climb downwards.
You hear the hiss of flowing sand.
There is an entrance to an ossuary on this level.
Hurry and find it before the portal is buried!
There is a stone staircase leading up here.
You hit the rat.
The rat is severely wounded.
The rat bites you.
* * * LOW HITPOINT WARNING * * *
You barely miss the rat.
The rat is severely wounded.
The rat misses you.
You barely miss the rat.
The rat is severely wounded.
The rat barely misses you.
You hit the rat but do no damage.
The rat is severely wounded.
The rat misses you.
You hit the rat.
You kill the rat!
Training target 2.6 for Earth Magic reached!
You need to enable at least one skill for training.
A worm comes into view.
Found 12 gold pieces.
Unknown command.
Unknown command.
Found a scroll labeled OVEZOMNOMI.
Found a scroll labeled YSIMUR XYMOTU.
You see here 12 gold pieces.
You now have 12 gold pieces.
d - a scroll labeled YSIMUR XYMOTU {!r}
There are no items here.
You see here a scroll labeled OVEZOMNOMI {!r}.
e - a scroll labeled OVEZOMNOMI {!r}
Found a stone staircase leading down.
An orc comes into view.
The orc shouts!
You hear a shout!
An orc comes into view. It is wielding a flail.
An orc wizard comes into view. It is wielding a dagger.
An orc wizard comes into view. It is wielding a dagger.
You hear the slow hiss of a very distant avalanche of sand.
Casting: Sandblast (safe; 8% risk of failure)
Confirm with . or Enter, or press ? or * to list all spells.
Aiming: Sandblast (safe; 8% risk of failure)
Press: ? - help, Shift-Dir - straight line, f - worm
Aim: a worm The blast of sand hits the worm.
The worm is severely wounded.
b - 29 stones
Casting: Sandblast (safe; 8% risk of failure)
Confirm with . or Enter, or press ? or * to list all spells.
Aiming: Sandblast (safe; 8% risk of failure)
Press: ? - help, Shift-Dir - straight line, f/p - worm
Aim: a worm (severely wounded)
The blast of sand hits the worm.
The worm is almost dead.
b - 28 stones The worm bites you!
Ouch! That really hurt!
You die...

#.#########
...o>.....########
o..o.....o........
.o#######o#######.#
#.# .# #.# #.# #.#
#.. #.#####.#
#.@w....# ######..#
# #.#...# #. #. #.#
#.# #..#.#
#.###.#### ..#.#
### #........# ...#
##.## #.######.#
#.###.#.#####.#
#..#..w.......#


You could see a worm, an orc wizard and an orc.

Vanquished Creatures
  A kobold (D:1)
  2 rats
3 creatures vanquished.

Notes
Turn   | Place    | Note
-------+----------+-------------------------------------------
     0 | D:1      | Amnesiac the Mummy Earth Elementalist began the quest for the Orb.
     0 | D:1      | Reached XP level 1. HP: 13/13 MP: 4/4
    84 | D:4      | Noticed an orc wizard
    85 | D:4      | Noticed an orc wizard
    94 | D:4      | Slain by a worm

Vault maps used:
D:1:      eino_arrival_tree_alley
D:2:      kennysheep_six_static_rooms, nicolae_overflow_hidden_temple,
          lemuel_blue_sif_altar
D:4:      fedhas_bush_and_centaur_altar, minmay_temple_entry_mist, first_ration,
          nicolae_ossuary_entry_monument, grunt_qazlal_clouds

Action                   || total
-------------------------++-------
Melee: Dagger            ||     6
       Unarmed           ||     5
 Cast: Sandblast         ||     2
 Stab: Sleeping          ||     2
Armor: Robe              ||     3
Dodge: Dodged            ||     7

Table legend:
 A = Spawn XP
 B = Non-spawn XP
 C = Spawn XP percentage of total XP
 D = Spawn monster count
 E = Non-spawn monster count
 F = Spawn count percentage of total count
 G = Total turns spent on level
                    A         B        C        D         E        F      G
               +---------+---------+-------+---------+---------+-------+---------
         Total |       0 |       4 |   0.0 |       0 |       3 |   0.0 |    94
               +---------+---------+-------+---------+---------+-------+---------
           D:1 |       0 |       2 |   0.0 |       0 |       1 |   0.0 |    23
           D:2 |       0 |       1 |   0.0 |       0 |       1 |   0.0 |    12
           D:4 |       0 |       1 |   0.0 |       0 |       1 |   0.0 |    55
               +---------+---------+-------+---------+---------+-------+---------
